 Dungeon Crawl Stone Soup version 0.27.1-34-g3ba077fa99 (webtiles) character file.

Game seed: 6824234557143044633

838 Cykl0x the Conjurer (level 7, -5/61 HPs)
             Began as a Gargoyle Conjurer on Jan 21, 2022.
             Was an Initiate of the Shining One.
             Slain by a yak (6 damage)
             ... on level 4 of the Dungeon.
             The game lasted 00:18:16 (6345 turns).

Cykl0x the Conjurer (Gargoyle Conjurer)             Turns: 6345, Time: 00:18:17

Health: -5/61      AC: 15    Str: 13    XL:     7   Next: 99%
Magic:  11/11      EV:  9    Int: 18    God:    the Shining One [......]
Gold:   122        SH:  0    Dex:  8    Spells: 5/12 levels left

rFire    . . .     SeeInvis .   d - +0 long sword
rCold    . . .     Faith    .   (no shield)
rNeg     + . .     Spirit   .   p - +0 scale mail
rPois    ∞         Reflect  .   q - +1 helmet
rElec    +         Harm     .   (no cloak)
rCorr    .         Rampage  .   (no gloves)
Will     .....                  h - +0 pair of boots
Stlth    ..........             (no amulet)
HPRegen  0.20/turn              (no ring)
MPRegen  0.12/turn              (no ring)

@: berserking, glowing, very quick
A: sickness immunity, AC +4, negative energy resistance 1, electricity
resistance, torment resistance 1, petrification resistance
a: Renounce Religion


You were on level 4 of the Dungeon.
You worshipped the Shining One.
The Shining One was noncommittal.
You visited 2 branches of the dungeon, and saw 6 of its levels.
You also visited: Sewer.

You collected 122 gold pieces.

Inventory:

Hand Weapons
 c - a +1 short sword of draining
 d - a +0 long sword (weapon)
 i - a +2 dagger of draining
 k - a +1 vorpal triple sword
 n - a -1 short sword
 s - a +0 short sword of holy wrath
 t - a +2 short sword of venom
Armour
 a - a +0 robe
 f - a +0 leather armour
 h - a +0 pair of boots (worn)
 p - a +0 scale mail (worn)
 q - a +1 helmet (worn)
Scrolls
 u - a scroll of enchant weapon
 v - 2 scrolls of enchant armour
Potions
 b - 4 potions of berserk rage
 e - a potion of attraction
 g - a potion of brilliance
 j - a potion of flight
 l - a potion of curing
 m - a potion of mutation
 o - 2 potions of resistance {unknown}
 r - 2 potions of invisibility {unknown}
 w - a potion of heal wounds {unknown}
 x - a potion of lignification {unknown}


   Skills:
 * Level 3.3 Fighting
 + Level 2.8 Long Blades
 + Level 3.4 Armour
 + Level 2.0 Dodging
 - Level 2.4 Stealth
 + Level 3.3 Spellcasting
 + Level 5.6 Conjurations
 * Level 2.6 Hexes
 * Level 2.5 Invocations


You had 5 spell levels left.
You knew the following spells:

 Your Spells              Type           Power      Damage    Failure   Level
a - Magic Dart            Conj           92%        1d7       7%          1
b - Searing Ray           Conj           46%        3d4       11%         2
c - Fulminant Prism       Conj/Hex       8%         3d7       77%         4

Your spell library contained the following spells:

 Spells                   Type           Power      Damage    Failure   Level
 Dazzling Flash           Conj/Hex       34%        N/A       36%         3
 Mephitic Cloud           Conj/Pois/Air  9%         N/A       67%         3
 Ignite Poison            Fire/Tmut/Pois 2%         N/A       91%         3
 Iskenderun's Mystic Bla  Conj/Tloc      13%        2d5       91%         4
 Bolt of Magma            Conj/Fire/Erth 4%         4d5       100%        5


Dungeon Overview and Level Annotations

Branches:
Dungeon (5/15)             Temple (1/1) D:4           Sewer (visited)

Altars:
Ashenzari
Cheibriados
Dithmenos
Elyvilon
Fedhas
Makhleb
Nemelex Xobeh
Okawaru
Sif Muna
Trog
Uskayaw
Vehumet
Wu Jian
Xom
Yredelemnul
The Shining One

Shops:
D:1 =


Innate Abilities, Weirdness & Mutations

You are immune to sickness and miasma.
Your stone body is resilient. (AC +4)
You are immune to poison.
You resist negative energy. (rN+)
You are resistant to electric shocks. (rElec)
You are resistant to unholy torment.
You are immune to petrification.


Message History

Where to? (Enter - D:3 @ (x,y), ? - help)
What level of the Dungeon? (default 1, ? - help)
There is a stone staircase leading up here.
There is a stone staircase leading down here.
You climb downwards.
There is a stone staircase leading up here.
There is a stone staircase leading down here.
You climb downwards.
The scorpion completely misses you. The yak gores you! The yak gores you.
The scorpion barely misses you. The yak gores you but does no damage.
The yak barely misses you. The yak gores you.
There is a stone staircase leading up here.
Unknown command.
The scorpion barely misses you. The yak gores you!
The yak gores you but does no damage. The yak gores you.
* * * LOW HITPOINT WARNING * * *
You climb upwards.
There is a stone staircase leading down here.
Unknown command.
Okay, then.
A red film seems to cover your vision as you go berserk!
You feel yourself moving faster!
You feel mighty! The scorpion closely misses you. The yak gores you!
* * * LOW HITPOINT WARNING * * *
The yak gores you but does no damage. x2; The scorpion misses you.
Unknown command.
You hit the yak but do no damage. The yak gores you but does no damage.
The yak gores you.
* * * LOW HITPOINT WARNING * * *
You slash the yak!
The yak is moderately wounded.
The scorpion barely misses you.
You riposte.
You barely miss the scorpion. The yak gores you.
The Shining One protects you from harm! The yak closely misses you.
You slash the yak!
The yak is severely wounded.
The scorpion stings you but does no damage.
The yak gores you.
You die...

.....# #......# .....#
#......# .....#
#......# .....#
#......# .....#
#......# .....#
#......# .....#
#......#
.....###......#####
.....'.........Y@Y####
.....######+##.#sY#..#
......# ##.##.#.....#
......## #.....#.#...#
#####..# #..#..#.#...#
##.###.....#.#...#
#.)###.#.##.#...#
##.###.#....#<..#
#..##(######.#.#


You could see 3 yaks and a scorpion.

Vanquished Creatures
  Sigmund (D:4)
  2 yaks
  A scorpion (D:4)
  A jelly (D:4)
  An iguana (D:4)
  An orc wizard (D:4)
  A hound skeleton (D:4)
  A mummy (D:3)
  3 gnolls (D:3)
  8 adders
  A worm (D:3)
  A dart slug (D:3)
  9 orcs
  7 ball pythons
  4 bats (D:1)
  9 endoplasms
  8 giant cockroaches
  7 goblins
  4 hobgoblins
  6 jackals
  6 frilled lizards
  16 kobolds
  9 rats
107 creatures vanquished.

Vanquished Creatures (others)
  A hobgoblin (D:3)
  2 fulminant prisms
  14 plants
17 creatures vanquished.

Grand Total: 124 creatures vanquished

Notes
Turn   | Place    | Note
-------+----------+-------------------------------------------
     0 | D:1      | Cykl0x the Gargoyle Conjurer began the quest for the Orb.
     0 | D:1      | Reached XP level 1. HP: 10/10 MP: 3/3
   231 | D:1      | Reached XP level 2. HP: 8/16 MP: 5/5
   234 | D:1      | Reached skill level 1 in Fighting
   447 | D:1      | Learned a level 2 spell: Searing Ray
   785 | D:1      | Reached skill level 1 in Armour
   933 | D:1      | Reached XP level 3. HP: 20/20 MP: 6/6
   935 | D:1      | Found Yrieg's Jewellery Emporium.
  1631 | D:2      | Found a faded altar of an unknown god.
  1669 | D:2      | Identified a scroll of acquirement
  1669 | D:2      | Acquired a +0 vorpal triple sword
  2185 | D:2      | Learned a level 3 spell: Dazzling Flash
  2437 | D:3      | Found a snail-covered altar of Cheibriados.
  2442 | D:3      | HP: 1/20 [mummy (8)]
  2444 | D:3      | Reached skill level 1 in Long Blades
  2444 | D:3      | Reached XP level 4. HP: 1/25 MP: 1/7
  2726 | D:3      | Found a glowing drain.
  2765 | Sewer    | Entered a sewer
  3264 | Sewer    | Reached XP level 5. HP: 30/30 MP: 6/8
  3916 | D:3      | Reached skill level 5 in Conjurations
  4036 | D:3      | Found a white marble altar of Elyvilon.
  4042 | D:3      | Became a worshipper of Elyvilon the Healer
  4352 | D:3      | Reached skill level 1 in Hexes
  4881 | D:3      | Found a broken altar of Ashenzari.
  4882 | D:3      | Found an ornate altar of the Wu Jian Council.
  5044 | D:4      | Reached XP level 6. HP: 35/35 MP: 0/9
  5158 | D:4      | Found a staircase to the Ecumenical Temple.
  5187 | Temple   | Entered the Ecumenical Temple
  5299 | Temple   | Fell from the grace of Elyvilon
  5299 | Temple   | Became a worshipper of the Shining One
  5438 | D:4      | Reached skill level 1 in Invocations
  5616 | D:4      | Noticed Sigmund
  5623 | D:4      | Killed Sigmund
  5624 | D:4      | Reached XP level 7. HP: 40/40 MP: 2/11
  5984 | D:4      | Learned a level 4 spell: Fulminant Prism
  6195 | D:5      | Entered Level 5 of the Dungeon
  6195 | D:5      | Noticed a yak
  6196 | D:5      | Noticed a yak
  6198 | D:5      | Noticed a yak
  6199 | D:5      | Noticed a yak
  6201 | D:5      | Noticed a yak
  6203 | D:5      | Killed a yak
  6212 | D:4      | Killed a yak
  6343 | D:4      | HP: 1/61 [yak (6)]
  6344 | D:4      | The Shining One protects you from harm!
  6345 | D:4      | Slain by a yak

Illustrated notes

Levels and vault maps discovered:
D:1:      wander_arrival_desolate, layout_basic, serial_shops,
          nicolae_shop_trees, minmay_heptomino_o4
D:2:      layout_loops_corners, ebering_ecumenical_altar_rust
D:3:      layout_loops_corners, slow_altar_2, gammafunk_temple_overflow_pools,
          elyvilon_altar_4, portal_sewer_entry_b, small_statue_intersection,
          nrook_loot_triangle
D:4:      layout_basic, minmay_temple_entry_gardened_gates, uniq_sigmund
D:5:      layout_loops_corners, nicolae_overflow_hidden_temple,
          nicolae_gozag_seed_capital
Temple:   minmay_temple_bridge_abc

Skill      XL: |  1  2  3  4  5  6  7 |
---------------+----------------------+-----
Fighting       | 1 2 3 |  3.3
Armour         | 1 2 3 |  3.4
Long Blades    | 1 2 |  2.8
Conjurations   | 5 |  5.6
Hexes          | 1 2 |  2.6
Invocations    | 1 2 |  2.5
Spellcasting   | 3 |  3.3
Dodging        | 2 |  2.0
Stealth        | |  2.4

Action                   |  1- 3 |  4- 6 |  7- 9 || total
-------------------------+-------+-------+-------++-------
Melee: Short sword       |    16 |       |       ||    16
       Unarmed           |     2 |       |       ||     2
       Long sword        |    23 |   102 |    17 ||   142
       Triple sword      |    23 |       |       ||    23
 Cast: Magic Dart        |    41 |    64 |     8 ||   113
       Searing Ray       |     9 |    14 |     4 ||    27
       Dazzling Flash    |       |     1 |       ||     1
       Fulminant Prism   |       |       |     2 ||     2
  Use: Scroll            |     6 |     4 |     3 ||    13
       Potion            |       |     2 |     1 ||     3
Armor: Robe              |    17 |       |       ||    17
       Leather armour    |    38 |    64 |     8 ||   110
       Scale mail        |       |       |     6 ||     6
Dodge: Dodged            |    61 |    69 |    15 ||   145
       Rpst.: Long sword |     6 |    25 |     4 ||    35
       Triple sword      |     5 |       |       ||     5
